 Dungeon Crawl Stone Soup version 0.19.4-12-gccf7e64 (webtiles) character file.

119 Rrauwl the Cudgeler (level 5, -1/52 HPs)
             Began as an Ogre Warper on Feb 26, 2017.
             Was an Initiate of Okawaru.
             Slain by an orc
             ... wielding a +0 mace
              (3 damage)
             ... on level 3 of the Dungeon.
             The game lasted 00:08:06 (2168 turns).

Rrauwl the Cudgeler (Ogre Warper)                   Turns: 2168, Time: 00:08:07

Health: -1/52      AC:  3    Str: 16    XL:     5   Next: 3%
Magic:  9/9        EV:  9    Int: 12    God:    Okawaru [......]
Gold:   134        SH:  0    Dex: 10    Spells: 0 memorised, 10 levels left

rFire  . . .     SeeInvis .     a - +0 mace
rCold  . . .     Gourm    .     b - +0 robe
rNeg   . . .     Faith    .     (no shield)
rPois  .         Spirit   .     (helmet restricted)
rElec  .         Reflect  .     (no cloak)
rCorr  .         Harm     .     (gloves unavailable)
MR     .....                    (boots unavailable)
Stlth  +.........               s - amulet of regeneration
                                (no ring)
                                (no ring)

@: heavily drained
A: unfitting armour, tough skin 1
a: Renounce Religion


You were on level 3 of the Dungeon.
You worshipped Okawaru.
Okawaru was noncommittal.
You were not hungry.

You visited 1 branch of the dungeon, and saw 3 of its levels.

You collected 134 gold pieces.

Inventory:

Hand Weapons
 a - a +0 mace (weapon)
Missiles
 e - 5 tomahawks of dispersal (quivered)
Armour
 b - a +0 robe (worn)
Jewellery
 g - an uncursed amulet of harm
 s - an amulet of regeneration (around neck)
Scrolls
 d - a scroll of blinking
 h - a scroll of amnesia {unknown}
 i - 2 scrolls of enchant armour {unknown}
 l - 2 scrolls of remove curse {unknown}
 p - 3 scrolls of identify {unknown}
Potions
 k - a potion of cancellation {unknown}
 m - a potion of lignification {unknown}
 n - a potion of magic {unknown}
 o - 3 potions of curing
 r - 2 potions of agility {unknown}
Books
 c - a book of Spatial Translocations

   Spells                             Type                      Level
   a - Blink                          Translocation                2
   b - Shroud of Golubria             Charms/Translocation         2
   c - Lesser Beckoning               Translocation                3
   d - Portal Projectile              Translocation                3
   e - Teleport Other                 Translocation                3
   f - Passage of Golubria            Translocation                4
Comestibles
 f - 4 bread rations
 j - a slice of pizza
 q - 11 chunks of flesh


   Skills:
 - Level 2.8(1.5) Fighting
 + Level 6.2(4.8) Maces & Flails
 - Level 1.0(0.0) Throwing
 - Level 2.1(0.8) Dodging
 - Level 3.0(1.7) Spellcasting
   Level 2.1(0.9) Translocations


You had 10 spell levels left.
You didn't know any spells.

Dungeon Overview and Level Annotations

Branches:
Dungeon (3/15)

Altars:
Makhleb
Okawaru
Uskayaw
Yredelemnul


Innate Abilities, Weirdness & Mutations

You are too large for most types of armour.
You have tough skin. (AC +1)


Message History

You hit the orc.
The orc is heavily wounded.
The orc hits you with a flail.
* * * LOW HITPOINT WARNING * * *
You hit the orc.
You kill the orc!
Okawaru accepts your kill. The orc hits you with a mace.
* * * LOW HITPOINT WARNING * * *
You hit the orc.
The orc is heavily wounded.
The orc barely misses you.
You barely miss the orc.
The orc is heavily wounded.
The orc hits you with a mace.
* * * LOW HITPOINT WARNING * * *
You barely miss the orc.
The orc is heavily wounded.
The orc hits you with a mace.
You die...

#...#...#.)##...#....###......(.
#####._.##.†....######....#.####
####...........##........#.####
................................
##.####.......###.......#.#.####
(. #.......###.........#.# ..
#.......##...####.###.# [
#......(##..## #.# ...
######..o@[)# #.# ### #(.###.#
#.# #.(.##.# #.# ...####(#.##.#
#.. .......o.....# ##
...####)o...(# .......#
........# ...##..#.#


You could see an orc.

Vanquished Creatures
  An orc priest (D:3)
  2 adders
  A worm (D:2)
  A dart slug (D:2)
  A leopard gecko (D:3)
  2 orcs (D:3)
  4 bats
  2 giant cockroaches
  6 goblins
  4 hobgoblins
  11 jackals (D:2)
  6 kobolds
  11 frilled lizards (D:3)
  9 rats
61 creatures vanquished.

Notes
Turn   | Place    | Note
-------+----------+-------------------------------------------
     0 | D:1      | Rrauwl the Ogre Warper began the quest for the Orb.
     0 | D:1      | Reached XP level 1. HP: 22/22 MP: 3/3
    75 | D:1      | HP: 1/22 [kobold/dagger (1)]
    80 | D:1      | Reached skill level 3 in Maces & Flails
   487 | D:1      | Reached XP level 2. HP: 19/29 MP: 5/5
  1041 | D:2      | Reached XP level 3. HP: 14/36 MP: 7/7
  1111 | D:2      | Reached skill level 4 in Maces & Flails
  1134 | D:2      | Found an iron altar of Okawaru.
  1136 | D:2      | Found a basalt altar of Yredelemnul.
  1143 | D:2      | Became a worshipper of Warmaster Okawaru
  1473 | D:2      | Found a hide-covered altar of Uskayaw.
  1570 | D:2      | Reached skill level 5 in Maces & Flails
  1570 | D:2      | Reached XP level 4. HP: 9/44 MP: 8/8
  2008 | D:3      | Found a burning altar of Makhleb.
  2152 | D:3      | Reached skill level 6 in Maces & Flails
  2152 | D:3      | Reached XP level 5. HP: 21/52 MP: 9/9
  2167 | D:3      | HP: 2/52 [orc/mace (3)]
  2168 | D:3      | Slain by an orc

Skill      XL: |  1  2  3  4 |
---------------+-------------+-----
Maces & Flails | 3 5 6 |  6.2
Spellcasting   | 3 |  3.0
Fighting       | |  2.8
Throwing       | |  1.0
Dodging        | |  2.1
Translocations | |  2.1

Action                   |  1- 3 |  4- 6 || total
-------------------------+-------+-------++-------
Melee: Mace              |   139 |    90 ||   229
  Use: Potion            |     1 |       ||     1
  Eat: Chunk             |     2 |     1 ||     3
       Royal jelly       |       |     1 ||     1
Armor: Robe              |    59 |    27 ||    86
Dodge: Dodged            |    83 |    45 ||   128
